 Dungeon Crawl Stone Soup version 0.25.0-9-g26727b657a (webtiles) character file.

Game seed: 9778583911911618556

72 HoaS the Twirler (level 4, -3/28 HPs)
             Began as a Gargoyle Gladiator on June 21, 2020.
             Slain by a worker ant (5 damage)
             ... on level 3 of the Dungeon.
             The game lasted 00:06:21 (2154 turns).

HoaS the Twirler (Gargoyle Gladiator)               Turns: 2154, Time: 00:06:22

Health: -3/28      AC: 10    Str: 19    XL:     4   Next: 26%
Magic:  4/4        EV: 11    Int:  8    God:
Gold:   170        SH:  0    Dex: 11    Spells: 3/3 levels left

rFire    . . .     SeeInvis .   a - +1 quarterstaff
rCold    . . .     Gourm    .   (shield currently unavailable)
rNeg     + . .     Faith    .   s - +0 ring mail
rPois    ∞         Spirit   .   c - +1 helmet
rElec    +         Reflect  .   (no cloak)
rCorr    .         Harm     .   (no gloves)
MR       .....                  (no boots)
Stlth    +.........             (no amulet)
HPRegen  0.09/turn              (no ring)
MPRegen  0.09/turn              (no ring)

@: mighty
A: negative energy resistance 1, electricity resistance, unbreathing,
petrification resistance, rot immunity, AC +3
a: no special abilities


You were on level 3 of the Dungeon.
You were not hungry.

You visited 1 branch of the dungeon, and saw 4 of its levels.

You collected 170 gold pieces.

Inventory:

Hand Weapons
 a - a +1 quarterstaff (weapon)
Missiles
 d - 3 throwing nets (quivered)
 h - 14 poisoned darts
Armour
 c - a +1 helmet (worn)
 s - a +0 ring mail (worn)
Wands
 l - a wand of paralysis (2)
Scrolls
 i - a scroll of identify
 k - a scroll of teleportation
 n - a scroll of fog
Potions
 g - a potion of lignification {unknown}
 j - a potion of cancellation {unknown}
 m - a potion of invisibility {unknown}
 o - a potion of flight
 q - 2 potions of curing
 r - a potion of stabbing {unknown}
Comestibles
 b - 7 chunks of flesh
 f - 7 rations


   Skills:
 + Level 3.2 Fighting
 * Level 4.4 Staves
 - Level 1.7 Throwing
 - Level 2.4 Dodging


You had 3 spell levels left.
You didn't know any spells.
Your spell library was empty.

Dungeon Overview and Level Annotations

Branches:
Dungeon (4/15)
 Temple: D:4-7

Altars:


Innate Abilities, Weirdness & Mutations

You are resistant to torment.
Your stone body is resilient. (AC +3)
You are immune to poison.
You resist negative energy. (rN+)
You are resistant to electric shocks. (rElec)
You can survive without breathing.
You are immune to petrification.
You are immune to rotting.


Message History

The slave hits you!
You climb upwards.
There is a stone staircase leading down here.
The worker ant bites you.
The worker ant bites you but does no damage.
The worker ant bites you but does no damage.
The worker ant bites you.
* * * LOW HITPOINT WARNING * * *
You hit the worker ant but do no damage.
The worker ant closely misses you.
You hit the worker ant.
The worker ant is lightly wounded.
The worker ant bites you.
* * * LOW HITPOINT WARNING * * *
You sock the worker ant!
The worker ant is severely wounded.
The worker ant misses you.
You feel very mighty all of a sudden. The worker ant bites you.
You die...

###
################.#
#................#
#.##############.#
#.# #.# #.# ########
#.# #.####§§≈≈≈≈#
#@# #....#≈≈..≈≈#
#a# ######≈.≈≈.≈#
##p### .....#≈.≈≈.§#
#....#
.....#≈≈..≈≈###..#.#
.....#≈≈..≈≈#...>#.#
.....###''#####.##.#
..........#.#......#
.........##.#.#.####


You could see a slave and a worker ant.

Vanquished Creatures
  2 adders
  A worm (D:3)
  A leopard gecko (D:1)
  An orc (D:3)
  A ball python (D:2)
  2 giant cockroaches
  8 hobgoblins
  6 jackals (D:3)
  A quokka (D:3)
  2 bats
  A frilled lizard (D:3)
  7 goblins
  6 kobolds
  5 rats
44 creatures vanquished.

Notes
Turn   | Place    | Note
-------+----------+-------------------------------------------
     0 | D:1      | HoaS the Gargoyle Gladiator began the quest for the Orb.
     0 | D:1      | Reached XP level 1. HP: 12/12 MP: 1/1
   206 | D:1      | Reached XP level 2. HP: 18/18 MP: 2/2
   772 | D:2      | Reached XP level 3. HP: 22/22 MP: 3/3
   925 | D:2      | Reached skill level 4 in Staves
  1574 | D:3      | Reached XP level 4. HP: 27/28 MP: 4/4
  2132 | D:4      | Noticed a slave
  2154 | D:3      | Slain by a worker ant

Illustrated notes

Levels and vault maps discovered:
D:1:      evilmike_arrival_fibonacci_small, layout_loops_cross,
          chequers_serial_rivers_large_b
D:2:      layout_basic
D:3:      layout_basic, kennysheep_generic_room_15
D:4:      layout_rooms, nicolae_dithmenos_shadow_blocks,
          nicolae_ossuary_entry_false_entrances, first_ration,
          minmay_misc_feat_encased, uniq_pikel

Skill      XL: |  1  2  3 |
---------------+----------+-----
Staves         | 4 |  4.4
Fighting       | 3 |  3.2
Throwing       | |  1.7
Dodging        | |  2.4

Action                   |  1- 3 |  4- 6 || total
-------------------------+-------+-------++-------
Melee: Quarterstaff      |    88 |    28 ||   116
  Use: Scroll            |     7 |     4 ||    11
       Potion            |       |     1 ||     1
 Stab: Sleeping          |     2 |       ||     2
  Eat: Chunk             |     2 |     2 ||     4
Armor: Leather armour    |    37 |     2 ||    39
       Ring mail         |       |    14 ||    14
Dodge: Dodged            |    58 |    28 ||    86
